 Dungeon Crawl Stone Soup version 0.31-a0-426-g3a05650e59 (webtiles) character file.

Game seed: 14195037117309155123

8 Ofeo the Changeling (level 2, 13/21 HPs)
             Began as a Demonspawn Shapeshifter on July 30, 2023.
             Quit the game on level 1 of the Dungeon.
             The game lasted 00:00:15 (262 turns).

Ofeo the Changeling (Demonspawn Shapeshifter)        Turns: 262, Time: 00:00:16

Health: 13/21      AC:  4    Str: 15    XL:     2   Next: 0%
Magic:  2/2        EV: 12    Int:  9    God:
Gold:   0          SH:  0    Dex: 13    Spells: 1/1 levels left

rFire   . .          .
                       - Unarmed
rCold   . . .        (no shield)
rNeg    . . .        a - +0 animal skin
rPois   .            (helmet currently unavailable)
rElec   .            (cloak currently unavailable)
rCorr   .            (gloves currently unavailable)
SInv    .            (boots currently unavailable)
Will    .....        (no amulet)
Stlth   +            (no ring)
HPRegen 0.23/turn    (no ring)
MPRegen 0.08/turn

%: no passive effects
@: beast-form
A: beast (slay +1), yellow scales 1
a: Begin Untransformation


You were on level 1 of the Dungeon.
You were a hulking beast.
You visited 1 branch of the dungeon, and saw 1 of its levels.

Inventory:

Armour
 a - a +0 animal skin (worn)
Talismans
 c - a beast talisman (active)
Scrolls
 d - a scroll of teleportation {unknown}
Potions
 b - a potion of lignification


   Skills:
 + Level 1.4 Fighting
 + Level 2.0 Dodging
 - Level 2.6 Unarmed Combat
 + Level 2.8 Shapeshifting


You had one spell level left.
You didn't know any spells.
Your spell library contained the following spells:

 Spells                   Type           Power      Damage    Failure   Level
 Wereblood                Tmut           0%         N/A       52%         2
 Irradiate                Conj/Tmut      0%         3d11      100%        5


Dungeon Overview and Level Annotations

Branches:
Dungeon (1/15)

Altars:


Innate Abilities, Weirdness & Mutations

You are a hulking beast.
Your limbs bulge with bestial killing power. (Slay +1)
You are partially covered in yellow scales. (AC +2)


Message History

The bat is moderately wounded.
The bat hits you but does no damage.
You hit the bat.
You kill the bat!
No target in view!
Found a stone staircase leading down.
Health restored: 15 No target in view!
A quokka comes into view.
You see here 7 gold pieces.
A quokka is nearby!
A quokka is nearby!
You miss the quokka. The quokka bites you.
You take 1 damage, and have 14/15 hp.
You hit the quokka but do no damage. The quokka misses you.
You hit the quokka.
The quokka is moderately wounded.
The quokka bites you but does no damage.
You barely miss the quokka.
The quokka is moderately wounded.
The quokka misses you. The quokka bites you.
You take 3 damage, and have 11/15 hp.
You barely miss the quokka.
The quokka is moderately wounded.
The quokka closely misses you.
You hit the quokka.
The quokka is severely wounded.
The quokka bites you.
You take 3 damage, and have 9/15 hp.
A quokka is nearby!
A quokka is nearby!
A quokka is nearby!
You hit the quokka.
You kill the quokka!
You have reached level 2!
Your demonic ancestry asserts itself...
Yellow scales grow over part of your body.
You regained 4 hp, and now have 13/21 hp.
MP restored: 2 Are you sure you want to abandon this character and quit the game? (Confirm with "yes".)

# #. .#####
.....#### ##
..#....###..
##†#....+.#.#
#.h##...#.#.#
#.....# #.#.#
#.#.#.#.###...#
#####
#....$.......#
#8^.#
#######.###.##
#†#.#
.....##..#####....
###....##.......#
#>..............#
#.#######......._


There were no monsters in sight!

Vanquished Creatures
  A dart slug (D:1)
  A bat (D:1)
  2 endoplasms (D:1)
  A quokka (D:1)
5 creatures vanquished.

Notes
Turn   | Place    | Note
-------+----------+-------------------------------------------
     0 | D:1      | Ofeo the Demonspawn Shapeshifter began the quest for the
                  | Orb.
     0 | D:1      | Reached XP level 1. HP: 15/15 MP: 1/1
   187 | D:1      | Found a faded altar of an unknown god.
   262 | D:1      | Gained mutation: You are partially covered in yellow
                  | scales. (AC +2) [demonic ancestry]
   262 | D:1      | Reached XP level 2. HP: 13/21 MP: 2/2
   262 | D:1      | Quit the game

Illustrated notes

Levels and vault maps discovered:
D:1:      giann_forest_graveyard, layout_basic,
          shapermc_ecumenical_altar_mp_highgroup, serial_bayou_crossing

Skill      XL: |  1 |
---------------+----+-----
Dodging        | 2 |  2.0
Fighting       | |  1.4
Unarmed Combat | |  2.6
Shapeshifting  | |  2.8

Action                     || total
---------------------------++-------
  Melee: Unarmed           ||    18
         Punch             ||     1
 Armour: Animal skin       ||     6
  Dodge: Dodged            ||     9

Table legend: (Time is in decaauts)
 A = Elapsed time spent in this place.
 B = Non-inter-level travel time spent in this place.
 C = Inter-level travel time spent in this place.
 D = Time resting spent in this place.
 E = Time spent auto-exploring this place.
 F = Levels seen in this place.
 G = Mean time per level.
                   A        B        C        D        E       F      G
               +--------+--------+--------+--------+--------+-----+--------+
         Total |    261 |    261 |      0 |      0 |    218 |   1 |  261.0 |
       Dungeon |    261 |    261 |      0 |      0 |    218 |   1 |  261.0 |
               +--------+--------+--------+--------+--------+-----+--------+

Top non-repeatable levels by time:
     D:1: 261 daAuts
